 Dungeon Crawl Stone Soup version 0.25-a0-1079-g858b6a6ff6 (webtiles) character file.

Game seed: 10681017481039696809, levelgen mode: classic

15 Amnesiac the Cutter (level 2, 0/16 HPs)
             Began as a Vine Stalker Monk on May 15, 2020.
             Slain by an adder (1 damage)
             ... on level 2 of the Dungeon.
             The game lasted 00:01:05 (560 turns).

Amnesiac the Cutter (Vine Stalker Monk)              Turns: 560, Time: 00:01:05

Health: 0/16       AC:  2    Str: 13    XL:     2   Next: 50%
Magic:  0/3        EV: 12    Int: 10    God:
Gold:   24         SH:  0    Dex: 12    Spells: 1/1 levels left

rFire    + . .     SeeInvis .   a - +0 short sword
rCold    . . .     Gourm    .   (no shield)
rNeg     . . .     Faith    .   b - +0 robe
rPois    .         Spirit   +   (no helmet)
rElec    .         Reflect  .   (no cloak)
rCorr    .         Harm     .   (no gloves)
MR       .....                  (no boots)
Stlth    ++........             (no amulet)
HPRegen  0.05/turn              d - ring of protection from fire
MPRegen  0.08/turn              g - -4 ring of dexterity (curse)

@: no status effects
A: fangs 2, magic shield, antimagic bite, no potion heal 3, rot immunity
a: no special abilities


You were on level 2 of the Dungeon.
You were not hungry.

You visited 1 branch of the dungeon, and saw 2 of its levels.

You collected 24 gold pieces.

Inventory:

Hand Weapons
 a - a +0 short sword (weapon)
Armour
 b - a +0 robe (worn)
Jewellery
 d - a ring of protection from fire (left hand)
 g - a cursed -4 ring of dexterity (right hand)
Scrolls
 h - 3 scrolls of magic mapping {!r, unknown}
 i - a scroll of enchant weapon {!r, unknown}
Potions
 j - a potion of mutation {!q, unknown}
Comestibles
 c - 3 rations
 f - 7 chunks of flesh


   Skills:
 - Level 2.6 Fighting
 - Level 3.3 Short Blades
 - Level 2.4 Dodging
 + Level 2.8 Stealth


You had one spell level left.
You didn't know any spells.
Your spell library was empty.

Dungeon Overview and Level Annotations

Branches:
Dungeon (2/15)

Altars:


Innate Abilities, Weirdness & Mutations

You have extremely sharp teeth.
When hurt, damage is shared between your health and your magic reserves.
Your bite disrupts and absorbs the magic of your enemies.
Potions cannot restore your health.
You are immune to rotting.


Message History

c - 2 rations (gained 1)
You now have 24 gold pieces (gained 18).
You see here a war axe.
c - 3 rations (gained 1)
Found 12 stones.
j - a viscous golden potion {!q}
Found a dagger.
A goblin comes into view. It is wielding a +0 club.
A goblin is nearby!
A goblin is nearby!
A goblin is nearby!
A goblin is nearby!
The goblin hits you but does no damage.
You see here a dagger.
You barely miss the goblin. You hit the goblin.
You kill the goblin!
No target in view!
No target in view!
No target in view!
You see here a +0 club.
You see here a +0 club.
You see here a dagger.
You open the door.
A goblin comes into view.
A goblin is nearby!
A goblin is nearby!
A goblin is nearby!
A frilled lizard and an adder come into view.
The frilled lizard hisses angrily.
There is an open door here.
The goblin shouts!
The adder hisses angrily.
The frilled lizard misses you.
You hit the frilled lizard.
You kill the frilled lizard!
The goblin hits you. The adder bites you.
You are poisoned.
The adder poisons you!
You feel sick.
There is an open door here.
You miss the adder.
You feel sick. The adder barely misses you. The adder bites you.
* * * LOW HITPOINT WARNING * * *
You are more poisoned.
The adder poisons you!
You closely miss the adder. The adder barely misses you.
You closely miss the adder.
* * * LOW HITPOINT WARNING * * *
You feel sick. The adder misses you.
You hit the adder.
The adder is moderately wounded.
The adder bites you.
* * * LOW HITPOINT WARNING * * *
You are too injured to fight recklessly!
You are too injured to fight recklessly!
You miss the adder.
The adder is moderately wounded.
* * * LOW HITPOINT WARNING * * *
You feel sick. The adder bites you.
Unknown command.
Really quaff
e - a fizzy puce potion {!q}?
It was a potion of curing {!q}.
Your system rejects the healing.
You feel better. The adder bites you but does no damage. The adder bites you.
You die...

#..# #.# ####.# #.#
#....## #.# ########
.####.....# #)#
#......## ....(.....#
#)# #........
#####.....# #.#
#........ #.....###.#
#........
#......##.###........
#....#.....@Sg.......
######..#.###........
#..#.# #........
##.#.# #########
#...# #...# #...#
#.#.#


You could see an adder and a goblin.

Vanquished Creatures
  A leopard gecko (D:1)
  A giant cockroach (D:2)
  3 goblins (D:2)
  A quokka (D:2)
  3 bats (D:2)
  2 frilled lizards
  2 kobolds (D:2)
  3 rats
16 creatures vanquished.

Notes
Turn   | Place    | Note
-------+----------+-------------------------------------------
     0 | D:1      | Amnesiac the Vine Stalker Monk began the quest for the Orb.
     0 | D:1      | Reached XP level 1. HP: 11/11 MP: 2/2
    70 | D:2      | Reached skill level 3 in Short Blades
   120 | D:2      | Reached XP level 2. HP: 2/16 MP: 0/3
   560 | D:2      | Slain by an adder

Illustrated notes

Levels and vault maps discovered:
D:1:      erik_arrival_cave_to_civilisation [erik_arrival_cave_to_hall],
          layout_basic
D:2:      layout_basic, tso_oasis_becter, nicolae_qazlal_eye_of_the_storm,
          minmay_three_crescents

Skill      XL: |  1 |
---------------+----+-----
Short Blades   | 3 |  3.3
Fighting       | |  2.6
Dodging        | |  2.4
Stealth        | |  2.8

Action                   || total
-------------------------++-------
Melee: Short sword       ||    36
       Bite              ||    10
  Use: Potion            ||     1
Armor: Robe              ||     3
Dodge: Dodged            ||    23

Table legend:
 A = Non-vault XP
 B = Vault XP
 C = Vault XP percentage of total XP
 D = Non-vault monster count
 E = Vault monster count
 F = Vault count percentage of total count
                 A         B        C        D         E       F
            +---------+---------+-------+---------+---------+-------
      Total |      11 |      11 |  50.0 |       8 |       8 |  50.0
            +---------+---------+-------+---------+---------+-------
        D:1 |       1 |       4 |  80.0 |       1 |       2 |  66.7
        D:2 |      10 |       7 |  41.2 |       7 |       6 |  46.2
            +---------+---------+-------+---------+---------+-------
